AoeStats
← Westgate

Arabia

508656237Analyzed
1v1 RM · 10d ago on Sep 23, 2026· 27m 31s· 2 players
Game mode
Random Map
Map size
Tiny (2 player)
Population
200
Speed
Normal
Resources
Standard
Victory
Conquest
Starting age
Dark Age
Ending age
Imperial Age
RankedLock teamsTeams togetherTeam positionsShared explorationLock speedFull tech treeHidden civsTurbo modeCheats
Victory
Defeat
🇸🇮 Bohemians · Slovenia
1269
+16
🇨🇳 Muisca · China
1268
-16
Westgate
6:30 Loom
8:45 Feudal Age
11:09 Double-Bit Axe
15:40 Fletching
16:18 Padded Archer Armor
21:30 Castle Age
21:33 Crossbowman
22:35 Bodkin Arrow
25:45 Bow Saw
26:08 Leather Archer Armor
27:02 Ballistics
theROCKbrah
5:56 Loom
8:49 Feudal Age
9:44 Double-Bit Axe
11:49 Fletching
15:06 Padded Archer Armor
22:21 Castle Age
20:21 Horse Collar
22:26 Elite Skirmisher
23:24 Bow Saw
23:40 Bodkin Arrow
24:00 Leather Archer Armor
24:40 Coinage
24:38 Ballistics
24:44 Heavy Plow
Connection lost

Rejoining the realm…

Still unreachable

The connection could not be restored.

Session expired

The server has moved on; the page needs a fresh start.